 Dungeon Crawl Stone Soup version 0.29-a0-330-g52719c12eb (webtiles) character file.

Game seed: 2549023763066638115

905 Alarak the Fighter (level 7, -2/62 HPs)
             Began as a Demonspawn Fighter on Apr 13, 2022.
             Slain by Blork the orc
             ... wielding a +0 glaive
              (8 damage)
             ... on level 4 of the Dungeon.
             The game lasted 00:12:01 (4996 turns).

Alarak the Fighter (Demonspawn Fighter)             Turns: 4996, Time: 00:12:02

Health: -2/62      AC:  7    Str: 24    XL:     7   Next: 80%
Magic:  7/7        EV: 10    Int: 10    God:
Gold:   226        SH:  0    Dex: 12    Spells: 6/6 levels left

rFire   . . .      SeeInvis .   p - +4 quarterstaff (chaos)
rCold   . . .      Faith    .   (shield currently unavailable)
rNeg    . . .      Spirit   .   b - +0 scale mail
rPois   .          Reflect  .   (helmet restricted)
rElec   .          Harm     .   q - +0 cloak
rCorr   .          Rampage  .   (no gloves)
Will    .....                   (no boots)
Stlth   ..........              (no amulet)
HPRegen 0.20/turn               n - +6 ring of strength
MPRegen 0.10/turn               (no ring)

@: no status effects
A: antennae 1, ignite blood 2, spiny 1, sturdy frame 1
a: no special abilities


You were on level 4 of the Dungeon.
You visited 1 branch of the dungeon, and saw 4 of its levels.

You collected 226 gold pieces.

Inventory:

Hand Weapons
 a - a +1 vampiric war axe
 p - a +4 quarterstaff of chaos (weapon)
 s - the +2 dagger "Dirop" {freeze, rC+ rCorr Int+4}
   (You found it on level 4 of the Dungeon)

   It freezes those it strikes, dealing additional cold damage.
   It can also slow down cold-blooded creatures.
   Int:       It affects your intelligence (+4).
   rC:        It protects you from cold.
   rCorr:     It protects you from acid and corrosion.
Armour
 b - a +0 scale mail (worn)
 c - a +0 buckler
 q - a +0 cloak (worn)
Jewellery
 n - a +6 ring of strength (left hand)
Scrolls
 i - 2 scrolls of brand weapon
 k - 2 scrolls of identify
 l - a scroll of blinking
Potions
 d - 3 potions of might
 g - a potion of degeneration {unknown}
 h - a potion of invisibility {unknown}
 j - a potion of flight {unknown}
 m - 3 potions of curing {unknown}
 o - 2 potions of berserk rage {unknown}
 r - a potion of mutation {unknown}


   Skills:
 + Level 8.0 Fighting
 - Level 4.8 Axes
 - Level 2.6 Armour
 - Level 2.6 Shields


You had 6 spell levels left.
You didn't know any spells.
Your spell library was empty.

Dungeon Overview and Level Annotations

Branches:
Dungeon (4/15)
 Temple: D:4-7

Altars:
Gozag
Qazlal
Sif Muna
Trog

Shops:
D:2 [   D:3 *   D:4 [

Annotations:
D:4 2 transporters, Blork the orc


Innate Abilities, Weirdness & Mutations

You have a pair of small antennae on your head.
Your demonic aura often causes spilled blood to erupt in flames.
You are partially covered in sharp spines.
Your movements are slightly less encumbered by armour. (ER -2)


Message History

A hound comes into view.
Found Fioplev's Armour Emporium.
The hound barks!
You see here a scroll of identify.
Blork the orc comes into view.
He is wielding a +0 glaive and carrying a wand of flame (15).
Blork the orc shouts!
Blork the orc looks encouraged for a moment.
An orc comes into view. It is wielding a +0 club.
The hound bites you but does no damage.
You sock the hound! You drain the hound.
You kill the hound!
Your Fighting skill increases to level 8!
Blork the orc mumbles some strange words.
Blork the orc seems to speed up.
Blork the orc zaps a wand.
The puff of flame hits you!
Blork the orc gestures at you while chanting.
The puff of frost hits you! Blork the orc casts a spell at you.
The puff of flame hits you.
Blork the orc gestures at you while chanting.
The puff of flame hits you!
You are too injured to fight recklessly!
You are too injured to fight recklessly!
You see here a hound corpse.
You barely miss the orc. Blork the orc closely misses you.
Blork the orc hits you from afar with a +0 glaive.
The orc barely misses you.
You thump the orc!
You kill the orc!
Blork the orc zaps a wand.
The puff of flame hits you! Blork the orc barely misses you.
Found 14 gold pieces.
Blork the orc hits you with a +0 glaive!
* * * LOW HITPOINT WARNING * * *
Blork the orc hits you with a +0 glaive.
* * * LOW HITPOINT WARNING * * *
You see here a +0 club.
You barely miss Blork the orc.
Blork the orc hits you with a +0 glaive!
You die...

..†.....# ........#
....$ .†......# ....
........# .... .#####..#
..# ######..# ..##
.#......# # #..#
.#......# #. #o.#
.#......# #.##@.#
.#......# #..☼.#
###.##### #...#.## ###
###'########.###.###....
.#(........#..#.?.'....#
.#.........#..#...#.∩..#
.#.........#..#...# ...#
#####'######.###'## ...
#####.######.###.# ##


You could see Blork the orc (fast).

Vanquished Creatures
  Sigmund (D:4)
  Edmund (D:4)
  Duvessa (D:4)
  A phantom (D:4)
  Dowan (D:4)
  2 hounds (D:4)
  An orc priest (D:3)
  Crazy Yiuf (D:2)
  Terence (D:3)
  Natasha (thrice) (D:4)
  11 adders
  3 worms
  6 orcs
  9 ball pythons
  7 bats
  6 endoplasms
  A giant cockroach (D:1)
  8 goblins
  7 hobgoblins
  4 jackals
  4 quokkas
  6 frilled lizards
  3 kobolds
  6 rats
94 creatures vanquished.

Notes
Turn   | Place    | Note
-------+----------+-------------------------------------------
     0 | D:1      | Alarak the Demonspawn Fighter began the quest for the Orb.
     0 | D:1      | Reached XP level 1. HP: 18/18 MP: 1/1
   325 | D:1      | Gained mutation: Your demonic aura sometimes causes spilled
                  | blood to erupt in flames. [demonic ancestry]
   325 | D:1      | Reached XP level 2. HP: 23/24 MP: 2/2
   697 | D:1      | Found a faded altar of an unknown god.
   703 | D:1      | Prayed at the altar of an unknown god.
   703 | D:1      | Became a worshipper of Sif Muna the Loreminder
   703 | D:1      | Reached * piety under Sif Muna
   705 | D:1      | Fell from the grace of Sif Muna
   738 | D:2      | Found Souxaveu's Antique Armour Shop.
   822 | D:2      | Reached XP level 3. HP: 26/29 MP: 3/3
  1260 | D:2      | HP: 1/29 [poisoned by an adder]
  1380 | D:2      | Gained mutation: You are partially covered in sharp spines.
                  | [demonic ancestry]
  1380 | D:2      | Reached XP level 4. HP: 8/35 MP: 4/4
  1814 | D:2      | Found a runed translucent door.
  1815 | D:2      | Noticed Crazy Yiuf
  2229 | D:2      | Killed Crazy Yiuf
  2230 | D:2      | Gained mutation: Your demonic aura often causes spilled
                  | blood to erupt in flames. [demonic ancestry]
  2230 | D:2      | Reached XP level 5. HP: 2/41 MP: 5/5
  2550 | D:3      | Found an opulent altar of Gozag.
  2700 | D:3      | Found Gozag's Platinum Reserve.
  3364 | D:3      | Noticed Terence
  3370 | D:3      | Killed Terence
  3701 | D:3      | Found a shimmering blue altar of Sif Muna.
  3916 | D:4      | Noticed Natasha
  3999 | D:3      | Reached skill level 4 in Fighting
  4037 | D:4      | Found a bloodstained altar of Trog.
  4038 | D:4      | Killed Natasha
  4091 | D:4      | Identified the +2 dagger "Dirop" {freeze, rC+ rCorr Int+4}
  4168 | D:4      | Found a stormy altar of Qazlal.
  4169 | D:4      | Noticed an orc warrior
  4172 | D:4      | Found a transporter.
  4173 | D:4      | Gained mutation: Your movements are slightly less
                  | encumbered by armour. (ER -2) [demonic ancestry]
  4173 | D:4      | Reached XP level 6. HP: 49/49 MP: 6/6
  4186 | D:4      | Found a transporter.
  4211 | D:4      | Noticed Edmund
  4216 | D:4      | Killed Edmund
  4217 | D:4      | Reached skill level 5 in Fighting
  4398 | D:4      | Noticed Dowan
  4398 | D:4      | Noticed Duvessa
  4416 | D:4      | Killed Duvessa
  4417 | D:4      | Reached skill level 6 in Fighting
  4417 | D:4      | Gained mutation: You have a pair of small antennae on your
                  | head. [demonic ancestry]
  4417 | D:4      | Reached XP level 7. HP: 50/59 MP: 7/7
  4435 | D:4      | Killed Dowan
  4712 | D:4      | Noticed Natasha
  4719 | D:4      | Killed Natasha
  4819 | D:4      | Reached skill level 7 in Fighting
  4836 | D:4      | Noticed Natasha
  4844 | D:4      | Killed Natasha
  4941 | D:4      | Noticed Sigmund
  4951 | D:4      | Killed Sigmund
  4983 | D:4      | Found Fioplev's Armour Emporium.
  4984 | D:4      | Noticed Blork the orc
  4987 | D:4      | Reached skill level 8 in Fighting
  4996 | D:4      | Slain by Blork the orc

Illustrated notes

Levels and vault maps discovered:
D:1:      amcnicky_arrival_double_pillar, layout_basic,
          nicolae_ecumenical_lake_church
D:2:      layout_basic, serial_shops, shop, minmay_misc_feat_iff,
          uniq_crazy_yiuf_cottage
D:3:      layout_loops_corners, nicolae_gozag_zags_fifth_avenue,
          mainiacjoe_overflow_alcove_1, minmay_quantized, uniq_terence
D:4:      layout_gridville, gammafunk_temple_overflow_arena, bloody_trog,
          serial_shops, shop, grunt_decor_one_mirror, uniq_duvessa,
          uniq_blork_the_orc, uniq_natasha, uniq_sigmund, uniq_edmund

Skill      XL: |  1  2  3  4  5  6  7 |
---------------+----------------------+-----
Axes           | 2 3 4 |  4.8
Fighting       | 4 6 8 |  8.0
Armour         | |  2.6
Shields        | |  2.6

Action                   |  1- 3 |  4- 6 |  7- 9 || total
-------------------------+-------+-------+-------++-------
Melee: War axe           |   128 |    24 |       ||   152
       Quarterstaff      |       |    70 |    30 ||   100
Invok: Renounce Religion |     1 |       |       ||     1
  Use: Scroll            |       |     4 |     2 ||     6
       Potion            |       |       |     1 ||     1
 Stab: Confused          |       |     1 |       ||     1
Armor: Scale mail        |    85 |    32 |     8 ||   125
Dodge: Dodged            |    78 |    29 |    13 ||   120
Block: Buckler           |    37 |     4 |       ||    41

Table legend: (Time is in decaauts)
 A = Elapsed time spent in this place.
 B = Non-inter-level travel time spent in this place.
 C = Inter-level travel time spent in this place.
 D = Time resting spent in this place.
 E = Time spent auto-exploring this place.
 F = Levels seen in this place.
 G = Mean time per level.
                   A        B        C        D        E       F      G
               +--------+--------+--------+--------+--------+-----+--------+
         Total |   5087 |   4949 |    138 |   1648 |   2540 |   4 | 1271.8 |
       Dungeon |   5087 |   4949 |    138 |   1648 |   2540 |   4 | 1271.8 |
               +--------+--------+--------+--------+--------+-----+--------+

Top non-repeatable levels by time:
     D:2: 1862 daAuts
     D:3: 1492 daAuts
     D:4: 984 daAuts
     D:1: 748 daAuts
